 Dungeon Crawl Stone Soup version 0.28-a0-305-g9e858e973b (webtiles) character file.

Game seed: 4997339445839900113

2 Whiskey the Skirmisher (level 1, 18/18 HPs)
             Began as a Demonspawn Cinder Acolyte on Aug 29, 2021.
             Was a High Priest of Ignis.
             Quit the game on level 1 of the Dungeon.
             The game lasted 00:02:00 (166 turns).

Whiskey the Skirmisher (Demonspawn Cinder Acolyte)   Turns: 166, Time: 00:02:00

Health: 18/18      AC:  2    Str: 15    XL:     1   Next: 25%
Magic:  2/2        EV: 11    Int: 14    God:    Ignis [*****.]
Gold:   0          SH:  0    Dex:  8    Spells: 1/2 levels left

rFire   + . .      SeeInvis .   a - -1 falchion (flame)
rCold   . . .      Faith    .   (no shield)
rNeg    . . .      Spirit   .   b - +0 robe
rPois   .          Reflect  .   (no helmet)
rElec   .          Harm     .   (no cloak)
rCorr   .          Rampage  .   (no gloves)
Will    .....                   (no boots)
Stlth   +.........              (no amulet)
HPRegen 0.06/turn               (no ring)
MPRegen 0.08/turn               (no ring)

@: no status effects
A: no striking features
a: Renounce Religion, Sea of Fire, Foxfire Swarm, Rising Flame


You were on level 1 of the Dungeon.
You worshipped Ignis.
Ignis was extremely pleased with you.
You visited 1 branch of the dungeon, and saw 1 of its levels.

Inventory:

Hand Weapons
 a - a -1 falchion of flaming (weapon)
Armour
 b - a +0 robe (worn)


   Skills:
 + Level 3.0 Fighting
 + Level 2.7 Long Blades
 - Level 1.0 Spellcasting
 - Level 0.9 Fire Magic
 + Level 0.0 Invocations


You had one spell level left.
You knew the following spells:

 Your Spells              Type           Power      Damage    Failure   Level
a - Foxfire               Conj/Fire      8%         2x1d4     22%         1

Your spell library contained the following spells:

 Spells                   Type           Power      Damage    Failure   Level


Dungeon Overview and Level Annotations

Branches:
Dungeon (1/15)

Altars:


Message History

You add the spell Foxfire to your library.
Options error: Bad object type '%}\|' for autopickup. (~/.crawlrc:772) Welcome, Whiskey the Demonspawn Cinder Acolyte.
Will you prevail where others failed? Will you find the Orb of Zot?
The flames of Ignis gently warm you.
Found a staircase leading out of the dungeon.
You aren't wearing any rings or amulets.
Unknown command.
Options error: Bad object type '%}\|' for autopickup. (~/.crawlrc:772) Welcome back, Whiskey the Demonspawn Cinder Acolyte.
The flames of Ignis gently warm you.
You open the door.
There is an open door here.
A rat comes into view.
A kobold comes into view. It is wielding a +0 club.
The kobold shouts!
You slash the rat! You burn the rat.
You kill the rat!
The kobold hits you with a +0 club.
You take 4 damage, and have 14/18 hp.
MASSIVE DAMAGE!!
You completely miss the kobold. The kobold hits you with a +0 club. x2
You take 5 damage, and have 9/18 hp.
MASSIVE DAMAGE!!
You closely miss the kobold. The kobold closely misses you.
You hit the kobold. You burn the kobold.
The kobold hits you but does no damage.
You slash the kobold! You burn the kobold.
You kill the kobold!
Things that are here:
a +0 club; a kobold corpse You start resting.
Health restored: 18

#........
.........
.........
#........
#.......?
#........
######........
#.....@.......
#.############
#.# #.# #.#
#######.#
#.......#
#.#####.#
.#####'########


There were no monsters in sight!

Vanquished Creatures
  A kobold (D:1)
  A rat (D:1)
2 creatures vanquished.

Notes
Turn   | Place    | Note
-------+----------+-------------------------------------------
     0 | D:1      | Whiskey the Demonspawn Cinder Acolyte began the quest for
                  | the Orb.
     0 | D:1      | Reached XP level 1. HP: 18/18 MP: 2/2
   166 | D:1      | Quit the game

Illustrated notes

Levels and vault maps discovered:
D:1:      amcnicky_arrival_feature_with_door, layout_basic,
          kennysheep_minor_cross, st_stairs_8

Action                   || total
-------------------------++-------
Melee: Falchion          ||     5
Armor: Robe              ||     1
Dodge: Dodged            ||     1

Table legend: (Time is in decaauts)
 A = Elapsed time spent in this place.
 B = Non-inter-level travel time spent in this place.
 C = Inter-level travel time spent in this place.
 D = Time resting spent in this place.
 E = Time spent auto-exploring this place.
 F = Levels seen in this place.
 G = Mean time per level.
                   A        B        C        D        E       F      G
               +--------+--------+--------+--------+--------+-----+--------+
         Total |    166 |    166 |      0 |    135 |      0 |   1 |  166.0 |
       Dungeon |    166 |    166 |      0 |    135 |      0 |   1 |  166.0 |
               +--------+--------+--------+--------+--------+-----+--------+

Top non-repeatable levels by time:
     D:1: 166 daAuts

Table legend:
 A = Kills in this place as a percentage of kills in entire the game.
 B = Kills by you in this place as a percentage of kills by you in the entire game.
 C = Kills by friends in this place as a percentage of kills by friends in the entire game.
 D = Other kills in this place as a percentage of other kills in the entire game.
 E = Experience gained in this place as a percentage of experience gained in the entire game.
 F = Experience gained in this place divided by the number of levels of this place that you have seen.
                   A       B       C       D       E      F
               +-------+-------+-------+-------+-------+----------------------
         Total | 100.0 | 100.0 |   N/A |   N/A | 100.0 |   3.0
       Dungeon | 100.0 | 100.0 |   N/A |   N/A | 100.0 |   3.0
               +-------+-------+-------+-------+-------+----------------------
